cohdb
Replays
Latest Replays
All Replays
Popular Replays
Top Player Replays
Match Explorer
How It Works
Community
CoH3 Stats
Reddit
Sign in to upload your games and track your stats! →
Sign in with Steam
Match 43044883
Unlisted
Match 43044883
Overview
Messages
Build Orders
End
Construct Barracks
Selects Special Operations Battlegroup
Selects M29 Weasel Recon Vehicle
M29 Weasel Recon Vehicle
Riflemen Squad
Riflemen Squad
Engineer Squad
Infantry Support Center
Construct Motor Pool
Selects Mark Vehicle
M8 Greyhound Armored Car
.30 cal Machine Gun
M1 Anti-tank Gun Team
M1918 Browning Automatic Rifles
Strategist
Turtleboy
Hisui
Python
0
0
Comments
sign in to comment!
No comments posted yet!